Match 45293283
Unlisted

Match 45293283
End
Vickers Machine Gun Team
Construct Section Command Post
Infantry Section
Infantry Section
ML 3-inch Mortar Team
Grenade Package
Infantry Section
Construct Platoon Command Post
6-pounder Anti-tank Gun Team
Selects Indian Artillery Battlegroup
Selects Valour
Selects Gurkha Rifles Section
Vickers Machine Gun Team
CMP 15cwt Truck
Gurkha Rifles Section
Unlock Bishop Self-propelled Artillery
Bishop Self-propelled Artillery
Construct Company Command Post
Bishop Self-propelled Artillery
Selects Volunteer Infantry
Unlock M3 Grant Medium Tanks
M3 Grant Medium Tank
Selects Artillery Saturation
Selects Off-map Airburst Barrage
Infantry Training
Off-map Airburst Barrage
M3 Grant Medium Tank
Selects Perimeter Monitor
M3 Grant Medium Tank
Off-map Airburst Barrage
RitraXP
rhymo
admiral_gnar
8号技师在线暴打敌军精
屑馒头_super sher
MN1891/30
hayu hai
圆蛤镇Peter
0
0

Comments sign in to comment!

No comments posted yet!